 Dungeon Crawl Stone Soup version 0.30-a0-972-gf3ab3527aa (webtiles) character file.

Game seed: 2868734024924564350

100 hwolsky the Conjurer (level 4, -2/33 HPs)
             Began as a Draconian Conjurer on Mar 31, 2023.
             Killed by divine providence
             ... invoked by an orc priest
              (18 damage)
             ... on level 3 of the Dungeon.
             The game lasted 00:25:46 (3161 turns).

hwolsky the Conjurer (Draconian Conjurer)           Turns: 3161, Time: 00:25:46

Health: -2/33      AC:  5    Str:  8    XL:     4   Next: 46%
Magic:  0/8        EV: 12    Int: 24    God:
Gold:   126        SH:  0    Dex:  9    Spells: 5/8 levels left

rFire   . . .      SeeInvis .    a - staff of conjuration
rCold   . . .      Faith    .    (no shield)
rNeg    . . .      Spirit   +    (body armour unavailable)
rPois   .          Reflect  .    (helmet restricted)
rElec   +          Rampage  .    (no cloak)
rCorr   .          Harm     + .  (no gloves)
Will    .....                    (no boots)
Stlth   ++                       e - amulet "Seimal" {Spirit Harm rElec Str-2 Int+4}
HPRegen 0.25/turn                (no ring)
MPRegen 0.11/turn                (no ring)

@: no status effects
A: AC +5, unfitting armour, cold-blooded
a: no special abilities


You were on level 3 of the Dungeon.
You visited 1 branch of the dungeon, and saw 3 of its levels.

You collected 126 gold pieces.

Inventory:

Hand Weapons
 d - a +0 whip
Missiles
 c - 41 stones
 f - 6 silver javelins
 g - 2 poisoned darts
Magical Staves
 a - a staff of conjuration (weapon)
Jewellery
 e - the amulet "Seimal" (around neck) {Spirit Harm rElec Str-2 Int+4}
   (You acquired it on level 3 of the Dungeon)

   [amulet of guardian spirit]

   It causes incoming damage to be divided between your reserves of health and
   magic.
   Str:       It affects your strength (-2).
   Int:       It affects your intelligence (+4).
   rElec:     It insulates you from electricity.
   Harm:      It increases damage dealt and taken.
 l - a ring of willpower
Scrolls
 i - a scroll of noise
Potions
 b - 2 potions of might
 j - a potion of curing
 m - a potion of mutation


   Skills:
 + Level 2.6 Dodging
 + Level 2.6 Stealth
 + Level 2.8 Spellcasting
 + Level 4.5 Conjurations


You had 5 spell levels left.
You knew the following spells:

 Your Spells              Type           Power      Damage    Failure   Level
a - Magic Dart            Conj           100%       1d8       1%          1
b - Searing Ray           Conj           74%        2d7       2%          2

Your spell library contained the following spells:

 Spells                   Type           Power      Damage    Failure   Level
 Kiss of Death            Conj/Necr      84%        2d11      4%          1
 Apportation              Tloc           6%         N/A       11%         1
 Necrotise                Necr           12%        1d4       11%         1
 Summon Small Mammal      Summ           12%        N/A       11%         1
 Dazzling Flash           Conj/Hex       42%        N/A       13%         3
 Confusing Touch          Hex            3%         N/A       32%         3
 Fulminant Prism          Conj/Hex       10%        3d8       41%         4
 Iskenderun's Mystic Bla  Conj/Tloc      21%        2d6       41%         4
 Dispel Undead            Necr           3%         3d7       73%         4


Dungeon Overview and Level Annotations

Branches:
Dungeon (3/15)

Altars:


Innate Abilities, Weirdness & Mutations

Your plain brown scales are hard. (AC +5)
You cannot fit into any form of body armour.
You are cold-blooded and may be slowed by cold attacks.


Message History

Casting: Searing Ray (safe; 2% risk of failure)
Confirm with . or Enter, or press ? or * to list all spells.
Aiming: Searing Ray (safe; 2% risk of failure)
Press: ? - help, Shift-Dir - straight line, f - orc, p - orc
Aim: an orc, wielding a +0 whip and wearing a +0 leather armour (81% to hit)
You feel a surge of power!
The searing ray hits the orc.
The orc is moderately wounded.
The searing ray hits the orc!
You kill the orc! (Press . to maintain the ray.)
The orc closely misses you.
The searing ray hits the orc.
You kill the orc!
The orc priest miscasts a cantrip.
Casting: Searing Ray (safe; 2% risk of failure)
Confirm with . or Enter, or press ? or * to list all spells.
Restarting spell: Searing Ray (safe; 2% risk of failure)
Press: ? - help, Shift-Dir - straight line, f - orc priest
Aim: an orc priest, wielding a +0 dagger and wearing a +0 ring mail (83% to hit)
You feel a surge of power!
The searing ray hits the orc priest.
The orc priest is lightly wounded. (Press . to maintain the ray.)
You hit the orc priest but do no damage.
The orc priest is lightly wounded.
The orc priest hits you but does no damage.
The orc priest invokes the aid of Beogh against you.
Pain shoots through your body!
The orc priest hits you but does no damage.
Casting: Searing Ray (safe; 2% risk of failure)
Confirm with . or Enter, or press ? or * to list all spells.
Aiming: Searing Ray (safe; 2% risk of failure)
Press: ? - help, Shift-Dir - straight line, f/p - orc priest
Aim: an orc priest, wielding a +0 dagger and wearing a +0 ring mail (lightly wounded, 83% to hit)
You feel a surge of power!
The searing ray hits the orc priest!
The orc priest is almost dead. (Press . to maintain the ray.)
The orc priest mumbles some strange prayers to Beogh against you.
Beogh smites you!
Ouch! That really hurt!
You die...

############# #######
#.....##....# .......
#.....##....######oo.....
......'')........+.......
#.....##.†..######.......
##########.....###......#
+.....o@)).....#
#.....###......# #.....#
.###..# #...<.# .. #
#.....# ### #.....#
#######


You could see an orc priest.

Vanquished Creatures
  4 adders
  3 worms
  A dart slug (D:1)
  3 orcs (D:3)
  6 bats
  4 endoplasms
  A giant cockroach (D:2)
  3 goblins (D:3)
  4 hobgoblins
  4 jackals (D:2)
  7 kobolds
  A quokka (D:1)
  3 ball pythons
  4 frilled lizards
  4 rats
52 creatures vanquished.

Vanquished Creatures (others)
  A plant (D:1)
1 creature vanquished.

Grand Total: 53 creatures vanquished

Notes
Turn   | Place    | Note
-------+----------+-------------------------------------------
     0 | D:1      | hwolsky the Draconian Conjurer began the quest for the Orb.
     0 | D:1      | Reached XP level 1. HP: 14/14 MP: 3/3
   550 | D:1      | Reached XP level 2. HP: 17/20 MP: 5/5
   609 | D:1      | Learned a level 2 spell: Searing Ray
  1752 | D:2      | Reached XP level 3. HP: 26/26 MP: 3/6
  1897 | D:2      | Found a faded altar of an unknown god.
  2734 | D:3      | Identified a scroll of acquirement
  2735 | D:3      | Acquired the amulet "Seimal" {Spirit Harm rElec Str-2
                  | Int+4}
  2831 | D:3      | Reached XP level 4. HP: 33/33 MP: 4/7
  3161 | D:3      | Killed from afar by an orc priest

Illustrated notes

Levels and vault maps discovered:
D:1:      eino_arrival_water_cross, layout_loops_corners, serial_forest,
          infiniplex_forest_zigzag_1, infiniplex_forest_clump_small,
          infiniplex_forest_clump_double, infiniplex_forest_lined_corner,
          infiniplex_forest_clump_small, corexii_hall_statues_deadend
D:2:      layout_loops_corners, basic_ecumenical_altar
D:3:      layout_basic, general_overflow_altar

Skill      XL: |  1 |
---------------+----+-----
Dodging        | 2 |  2.6
Stealth        | 2 |  2.6
Spellcasting   | |  2.8
Conjurations   | |  4.5

Action                     |  1- 3 |  4- 6 || total
---------------------------+-------+-------++-------
  Melee: Whip              |    29 |       ||    29
         Tailslap          |     4 |       ||     4
         Staff             |     1 |     9 ||    10
   Cast: Magic Dart        |    24 |     4 ||    28
         Searing Ray       |    26 |     8 ||    34
    Use: Scroll            |     5 |     1 ||     6
         Potion            |     2 |     1 ||     3
 Armour: Skin              |     9 |     5 ||    14
  Dodge: Dodged            |    22 |     7 ||    29

Table legend: (Time is in decaauts)
 A = Elapsed time spent in this place.
 B = Non-inter-level travel time spent in this place.
 C = Inter-level travel time spent in this place.
 D = Time resting spent in this place.
 E = Time spent auto-exploring this place.
 F = Levels seen in this place.
 G = Mean time per level.
                   A        B        C        D        E       F      G
               +--------+--------+--------+--------+--------+-----+--------+
         Total |   3164 |   2984 |    180 |    411 |   1983 |   3 | 1054.7 |
       Dungeon |   3164 |   2984 |    180 |    411 |   1983 |   3 | 1054.7 |
               +--------+--------+--------+--------+--------+-----+--------+

Top non-repeatable levels by time:
     D:1: 1419 daAuts
     D:2: 1265 daAuts
     D:3: 479 daAuts
